 Dungeon Crawl Stone Soup version 0.19.4-8-ga85b6b9 (webtiles) character file.

102 Chiseanne the Magician (level 4, 0/35 HPs)
             Began as a Demonspawn Wanderer on Feb 8, 2017.
             Slain by Crazy Yiuf
             ... wielding a +2 quarterstaff of chaos
              (6 damage)
             ... while paralysed by Crazy Yiuf
             ... on level 4 of the Dungeon.
             The game lasted 00:07:06 (3377 turns).

Chiseanne the Magician (Demonspawn Wanderer)        Turns: 3377, Time: 00:07:06

Health: 0/35       AC:  9    Str: 12    XL:     4   Next: 49%
Magic:  10/10      EV:  2    Int: 13    God:
Gold:   149        SH:  0    Dex: 14    Spells: 0 memorised, 11 levels left

rFire  . . .     SeeInvis .     a - +1 spear
rCold  . . .     Gourm    .     e - +0 ring mail
rNeg   . . .     Faith    .     (no shield)
rPois  .         Spirit   .     l - +1 helmet
rElec  .         Reflect  .     (no cloak)
rCorr  .         Harm     .     (no gloves)
MR     +....                    (no boots)
Stlth  ++........               (no amulet)
                                w - +2 ring of protection
                                k - ring of protection from magic

@: paralysed, drained
A: nightstalker 1, powered by pain 1
a: no special abilities


You were on level 4 of the Dungeon.
You were not hungry.

You visited 1 branch of the dungeon, and saw 4 of its levels.

You collected 149 gold pieces.

Inventory:

Hand Weapons
 a - a +1 spear (weapon)
Missiles
 d - 47 sling bullets
 h - 49 bolts
 j - 77 stones (quivered)
 o - 8 javelins
 x - 18 arrows
Armour
 e - a +0 ring mail (worn)
 l - a +1 helmet (worn)
Jewellery
 k - a ring of protection from magic (left hand)
 s - an uncursed ring of fire
 w - a +2 ring of protection (right hand)
Wands
 c - a wand of enslavement (12/24)
Scrolls
 t - a scroll of remove curse
 v - a scroll of enchant weapon
 y - a scroll of amnesia
Potions
 g - 3 potions of magic
 i - a potion of berserk rage {unknown}
 n - a potion of invisibility {unknown}
 p - a potion of flight {unknown}
 q - a potion of might {unknown}
 u - a potion of haste {unknown}
Books
 b - Zemagg's Disquisition on Flight

   Spells                             Type                      Level
   a - Repel Missiles                 Charms/Air                   2
   b - Swiftness                      Charms/Air                   2
Comestibles
 f - 4 bread rations
 m - 4 meat rations
 r - a royal jelly


   Skills:
 * Level 3.1(2.9) Fighting
 * Level 1.9(1.7) Armour
 * Level 2.0(1.8) Dodging
 * Level 1.7(1.4) Stealth
 - Level 4.0(3.7) Spellcasting
   Level 1.1(0.8) Necromancy
 - Level 1.0(0.8) Evocations


You had 11 spell levels left.
You didn't know any spells.

Dungeon Overview and Level Annotations

Branches:
Dungeon (4/15)
 Temple: D:4-7

Altars:

Annotations:
D:4 Blork the orc, Crazy Yiuf


Innate Abilities, Weirdness & Mutations

You are slightly more attuned to the shadows.
You sometimes gain a little power by taking damage.


Message History

This wand has 13 charges left.
Evoke which item? (* to show all) (? for menu, Esc to quit)
Zapping:
c - a wand of enslavement (13/24)
Press: ? - help, Shift-Dir - straight line, f/p - Crazy Yiuf
Aim: Crazy Yiuf, wielding a quarterstaff of chaos and wearing a cloak (chance to defeat MR: 56%) Crazy Yiuf resists with significant effort.
This wand has 12 charges left.
Crazy Yiuf grits, "Proton!"
Crazy Yiuf hits you with a quarterstaff of chaos.
You suddenly lose the ability to move!
Crazy Yiuf grits, "Fire!"
Crazy Yiuf hits you but does no damage.
You feel drained.
Crazy Yiuf waves his quarterstaff at you.
Crazy Yiuf hits you with a quarterstaff of chaos.
Crazy Yiuf freezes you.
Crazy Yiuf hits you with a quarterstaff of chaos!
You convulse!
* * * LOW HITPOINT WARNING * * *
Crazy Yiuf hits you with a quarterstaff of chaos.
You die...

#####
#)g.#
#.@.#
#...#
##'##
♣.♣♣
♣♣.♣ ..
#..o#
♣.♣♣
...#...#
♣♣.♣
...#...#
♣♣.♣♣
.......#
♣♣...♣


You could see Crazy Yiuf.

Vanquished Creatures
  A howler monkey zombie (D:2)
  2 adders
  3 worms
  2 dart slugs (D:1)
  A leopard gecko (D:1)
  7 bats
  A bat skeleton (D:2)
  4 giant cockroaches
  9 goblins
  5 hobgoblins
  10 kobolds
  A quokka (D:1)
  A ball python (D:3)
  2 frilled lizards
  A leopard gecko skeleton (D:2)
  8 rats
58 creatures vanquished.

Notes
Turn   | Place    | Note
-------+----------+-------------------------------------------
     0 | D:1      | Chiseanne the Demonspawn Wanderer began the quest for the Orb.
     0 | D:1      | Chiseanne set off with: a wand of enslavement (15/24), Zemagg's Disquisition on Flight, a +0 spear, a +0 robe, a bread ration
     0 | D:1      | Reached XP level 1. HP: 16/16 MP: 5/5
     0 | D:1      | Identified Zemagg's Disquisition on Flight
   361 | D:1      | Gained mutation: You sometimes gain a little power by taking damage. [demonic ancestry]
   361 | D:1      | Reached XP level 2. HP: 9/23 MP: 7/7
   790 | D:1      | Reached skill level 1 in Armour
   934 | D:1      | Gained mutation: You are slightly more attuned to the shadows. [demonic ancestry]
   934 | D:1      | Reached XP level 3. HP: 23/28 MP: 8/8
  2119 | D:2      | Reached XP level 4. HP: 28/35 MP: 10/10
  3344 | D:4      | Noticed Blork the orc
  3360 | D:4      | Found a runed door.
  3364 | D:4      | Noticed Crazy Yiuf
  3373 | D:4      | Paralysed by Crazy Yiuf for 7 turns
  3377 | D:4      | Slain by Crazy Yiuf

Skill      XL: |  1  2  3  4 |
---------------+-------------+-----
Armour         | 1 |  1.9
Fighting       | 3 |  3.1
Dodging        | 2 |  2.0
Stealth        | |  1.7
Spellcasting   | |  4.0
Necromancy     | |  1.1
Evocations     | |  1.0

Action                   |  1- 3 |  4- 6 || total
-------------------------+-------+-------++-------
Melee: Spear             |   205 |    45 ||   250
Evoke: Wand              |       |     3 ||     3
  Use: Scroll            |     5 |     8 ||    13
 Stab: Sleeping          |     2 |     4 ||     6
  Eat: Chunk             |     4 |     4 ||     8
Armor: Ring mail         |    81 |    13 ||    94
Dodge: Dodged            |   113 |    28 ||   141
